Map: Frozen Temple

Players

Miszu - Winner!

  • Race: Terran Terran
  • League: Grandmaster

SpaceMarine

  • Race: Protoss Protoss
  • League: Grandmaster

VOD

Have the link to the VOD?

Description

Time

  • Played on: May 17, 2016, 8:41 a.m.
  • Length: 10:47
Show
View Real Time Build Order
Export as new Build Order

Miszu Terran - Winner!

Build Orders: MMM Bio 

Get SALT Encoding   

  12  0:00  SCV  
  13  0:12  SCV  
  14  0:17  Supply Depot  
  14  0:25  SCV  
  15  0:39  SCV  
  15  0:40  Barracks  
  16  0:51  SCV  
  17  1:03  SCV  
  18  1:13  Command Center  
  18  1:18  SCV  
  19  1:28  Marine  
  19  1:31  Orbital Command  
  20  1:42  Barracks  
  20  1:46  Marine  
  21  1:55  Barracks  
  21  1:58  SCV  
  22  2:06  Marine  
  23  2:19  Refinery x2  
  23  2:25  SCV, Orbital Command  
  23  2:27  Marine  
  25  2:32  Marine  
  26  2:37  SCV  
  26  2:41  Marine  
  28  2:46  Marine  
  28  2:49  SCV  
  28  2:51  SCV  
  31  2:54  Barracks Tech Lab  
  31  2:56  Supply Depot  
  31  3:01  SCV  
  31  3:02  Marine  
  31  3:03  SCV  
  34  3:11  Marine  
  34  3:12  Marine  
  36  3:13  SCV  
  36  3:14  Stimpack  
  36  3:15  SCV  
  38  3:25  Marine, SCV  
  40  3:27  Factory, SCV  
  40  3:29  Marine  
  40  3:32  Supply Depot  
  42  3:35  Marine  
  42  3:38  SCV  
  44  3:41  SCV  
  44  3:45  Marine  
  46  3:54  Marine, Marauder, SCV x2  
  51  3:56  Supply Depot  
  51  4:02  Marine  
  51  4:06  Refinery  
  51  4:07  SCV  
  51  4:08  Engineering Bay  
  53  4:12  Barracks  
  53  4:14  Starport, Factory Reactor  
  53  4:16  SCV  
  54  4:19  SCV  
  54  4:20  Barracks Reactor  
  54  4:23  Barracks Tech Lab  
  55  4:28  Marauder, SCV  
  58  4:31  SCV  
  58  4:44  Supply Depot, SCV  
  61  4:46  Marauder, SCV  
  61  4:49  Terran Infantry Weapons Level 1  
  62  4:57  Factory Reactor  
  62  4:58  SCV  
  62  5:00  SCV  
  62  5:04  Marauder  
  64  5:07  Supply Depot, Marauder  
  64  5:09  Marine x2  
  66  5:20  Medivac x2  
  69  5:22  SCV  
  70  5:30  Command Center  
  70  5:32  SCV  
  70  5:34  SCV  
  70  5:35  Supply Depot  
  72  5:38  Refinery  
  72  5:40  Marauder  
  74  5:43  Marauder  
  74  5:44  Marine  
  74  5:45  Marine  
  78  5:51  Supply Depot  
  79  5:57  SCV  
  79  5:59  Supply Depot  
  78  6:05  Marauder  
  78  6:09  Marine x2, Widow Mine x2  
  86  6:12  Medivac x2  
  90  6:19  Missile Turret  
  90  6:20  Supply Depot, SCV x2  
  90  6:24  Marauder  
  94  6:25  Marine  
  95  6:38  Marine x2  
  97  6:43  Orbital Command  
  97  6:44  Medivac x2  
  97  6:45  Widow Mine x2  
  97  6:46  Marine  
  106  6:49  SCV  
  106  6:50  Terran Infantry Armor Level 1, SCV  
  108  7:00  Supply Depot x2, Marauder  
  108  7:03  Orbital Command  
  108  7:11  Marine x2, Marauder  
  112  7:17  Barracks  
  112  7:18  Barracks  
  112  7:21  Marine  
  112  7:22  Widow Mine x2  
  112  7:23  Medivac  
  112  7:28  Marine  
  112  7:29  Marine  
  120  7:32  Medivac, Marauder  
  115  7:46  Marauder  
  115  7:49  Marine  
  113  7:54  Marauder  
  105  7:58  Marine  
  105  7:59  Widow Mine x2  
  109  8:06  Liberator x2  
  109  8:10  Marine x3  
  109  8:11  Marine  
  109  8:15  Marauder  
  115  8:26  Combat Shields  
  117  8:27  Concussive Shells  
  117  8:32  Marine x2  
  119  8:37  Marine x2  
  119  8:38  Marauder x2, Widow Mine x2  
  129  8:43  Starport  
  129  8:44  Fusion Core  
  105  9:04  Marine, Marauder  
  105  9:05  Marine, Marauder  
  105  9:06  Marine x2  
  91  9:22  Marine x2  
  91  9:24  Marine x3  
  87  9:26  Marine  
  73  9:34  Liberator  
  73  9:36  Orbital Command  
  62  9:40  Marine x2  
  62  9:42  Marine  
  62  9:43  Marauder  
  62  9:44  Marauder  
  67  9:48  Marine  
  71  9:57  SCV  
  71  9:58  Marine x2  
  71  9:59  Marine  
  74  10:02  Widow Mine  
  74  10:04  Marauder  
  74  10:05  Marauder  
  74  10:06  Marine  
  81  10:16  Marine x2  
  78  10:26  Marauder  
Show
View Real Time Build Order
Export as new Build Order

SpaceMarine Protoss 

Build Orders: 1 Gate Expand 

Get SALT Encoding   

  12  0:01  Probe (Chrono Boost)  
  13  0:11  Probe (Chrono Boost)  
  14  0:19  Pylon  
  14  0:22  Probe (Chrono Boost)  
  15  0:37  Gateway, Probe (Chrono Boost)  
  16  0:43  Assimilator  
  16  0:47  Probe (Chrono Boost)  
  17  0:58  Probe (Chrono Boost)  
  18  1:08  Probe (Chrono Boost)  
  19  1:19  Nexus  
  19  1:29  Cybernetics Core  
  19  1:31  Probe (Chrono Boost)  
  20  1:37  Assimilator  
  20  1:42  Probe (Chrono Boost)  
  21  1:47  Pylon  
  21  1:53  Probe (Chrono Boost)  
  23  2:10  Mothership Core (Chrono Boost)  
  24  2:16  Forge  
  24  2:21  Warp Gate  
  24  2:25  Adept  
  24  2:29  Probe (Chrono Boost)  
  27  2:32  Probe (Chrono Boost)  
  28  2:39  Probe (Chrono Boost)  
  28  2:43  Probe (Chrono Boost)  
  30  2:44  Robotics Facility  
  30  2:50  Probe (Chrono Boost)  
  31  2:51  Protoss Ground Weapons Level 1  
  31  2:53  Probe (Chrono Boost)  
  32  3:00  Probe (Chrono Boost)  
  32  3:04  Probe (Chrono Boost)  
  34  3:13  Probe (Chrono Boost)  
  34  3:15  Probe (Chrono Boost)  
  36  3:25  Pylon, Probe (Chrono Boost)  
  36  3:26  Probe (Chrono Boost)  
  38  3:33  Gateway x2  
  38  3:38  Warp Prism (Chrono Boost)  
  40  3:41  Probe  
  40  3:42  Probe  
  42  3:50  Twilight Council  
  42  3:53  Probe  
  42  3:54  Probe  
  44  3:57  Assimilator  
  44  4:03  Assimilator  
  44  4:05  Probe  
  44  4:06  Probe  
  46  4:11  Observer (Chrono Boost)  
  46  4:16  Pylon  
  47  4:18  Probe x2  
  47  4:22  Pylon  
  49  4:28  Adept x2  
  49  4:30  Probe  
  54  4:34  Probe  
  55  4:40  Nexus  
  55  4:42  Observer (Chrono Boost), Probe  
  55  4:43  Pylon  
  57  4:46  Probe  
  58  4:54  Probe  
  58  4:58  Probe  
  60  5:05  Blink (Chrono Boost)  
  60  5:07  Probe  
  60  5:12  Probe  
  60  5:13  Stalker x3  
  68  5:15  Immortal (Chrono Boost)  
  72  5:24  Pylon  
  72  5:32  Protoss Ground Weapons Level 2  
  72  5:34  Gateway  
  72  5:36  Gateway  
  72  5:38  Sentry  
  74  5:43  Stalker x2  
  78  5:53  Immortal (Chrono Boost)  
  78  5:56  Probe x3  
  85  6:06  Probe  
  85  6:08  Probe  
  87  6:11  Gateway  
  87  6:12  Gateway, Pylon  
  87  6:17  Probe  
  87  6:18  Probe  
  88  6:20  Probe  
  88  6:25  Pylon  
  90  6:27  Pylon  
  90  6:28  Immortal (Chrono Boost)  
  95  6:37  Stalker x3  
  100  6:48  Stalker x2  
  104  7:00  Stalker x2, Probe  
  104  7:01  Probe, Resonating Glaives  
  102  7:02  Probe  
  102  7:03  Immortal (Chrono Boost)  
  102  7:06  Assimilator  
  109  7:09  Assimilator  
  109  7:11  Probe  
  109  7:13  Probe  
  109  7:14  Probe  
  112  7:28  Stalker x2  
  112  7:29  Stalker x4  
  107  8:01  Pylon x2  
  107  8:02  Pylon  
  103  8:10  Nexus  
  103  8:19  Probe x2  
  105  8:21  Pylon  
  105  8:23  Pylon  
  105  8:32  Adept x6  
  117  8:36  Pylon  
  117  8:38  Pylon  
  113  9:02  Stalker x3  
  111  9:03  Adept x2, Sentry, Stalker  
  97  9:25  Adept x2  
  86  9:38  Adept x3  
  74  9:43  Probe  
  61  9:53  Nexus  
  61  9:55  Probe  
  62  10:00  Sentry x2  
  60  10:14  Sentry, Stalker x2  
  60  10:15  Stalker  
  68  10:25  Adept x3  
  50  10:38  Adept x2  
Tags
 
Add a new tag
Caveats
  • Supply blocks, unpowered buildings, or Contaminate may cause inaccurate times.
  • Supply counts are checked every 10 seconds.